 Dungeon Crawl Stone Soup version 0.29-a0-297-g7659ce593d (webtiles) character file.

Game seed: 7796209880938831133

65352 Leszczynek the Basher (level 15, -2/121 HPs)
             Began as a Human Gladiator on Mar 21, 2022.
             Was a High Priest of Okawaru.
             Slain by a salamander
             ... wielding a +0 battleaxe
              (15 damage)
             ... on level 2 of the Snake Pit.
             The game lasted 01:16:55 (12267 turns).

Leszczynek the Basher (Human Gladiator)            Turns: 12267, Time: 01:16:56

Health: -2/121     AC: 15    Str: 28    XL:     15   Next: 57%
Magic:  22/22      EV: 16    Int:  9    God:    Okawaru [*****.]
Gold:   549        SH: 11    Dex: 19    Spells: 13/14 levels left

rFire   . . .      SeeInvis .   a - +8 whip of Fusah {speed, Str+4 Int+2}
rCold   . . .      Faith    .   i - +0 buckler
rNeg    . . .      Spirit   .   t - +0 troll leather armour
rPois   +          Reflect  +   c - +0 helmet
rElec   .          Harm     .   O - +1 cloak
rCorr   .          Rampage  .   P - +2 pair of gloves of Courage {Str+2 Int-2 Dex+5}
Will    ++...                   C - +2 pair of boots
Stlth   +.........              l - amulet of reflection
HPRegen 1.10/turn               j - ring "Tyanluakk" {rPois Str+3 Dex-3 Slay+5}
MPRegen 0.18/turn               Z - ring of willpower

@: no status effects
A: no striking features
a: Renounce Religion, Heroism, Finesse, Duel


You were on level 2 of the Snake Pit.
You worshipped Okawaru.
Okawaru was extremely pleased with you.
You visited 5 branches of the dungeon, and saw 25 of its levels.

You collected 1571 gold pieces.
You spent 1022 gold pieces at shops.

Inventory:

Hand Weapons
 a - the +8 whip of Fusah (weapon) {speed, Str+4 Int+2}
   (You found it on level 7 of the Dungeon)

   Attacks with this weapon are significantly faster.
   Str:       It affects your strength (+4).
   Int:       It affects your intelligence (+2).
 g - a +1 executioner's axe of freezing
 x - a +0 long sword
 R - a +1 broad axe of flaming
 S - a +2 war axe of flaming
Missiles
 d - 3 throwing nets
 m - 39 poisoned darts
 n - 6 javelins
 I - 3 curare-tipped darts {god gift}
 Q - 3 datura-tipped darts
 T - 5 silver javelins {god gift}
 V - 18 boomerangs (quivered)
Armour
 c - a +0 helmet (worn)
 i - a +0 buckler (worn)
 t - a +0 troll leather armour (worn)
 C - a +2 pair of boots (worn)
 O - a +1 cloak (worn)
 P - the +2 pair of gloves of Courage (worn) {Str+2 Int-2 Dex+5}
   (You acquired it on level 2 of the Orcish Mines)

   Str:       It affects your strength (+2).
   Int:       It affects your intelligence (-2).
   Dex:       It affects your dexterity (+5).
Jewellery
 j - the ring "Tyanluakk" (left hand) {rPois Str+3 Dex-3 Slay+5}
   (You found it on level 6 of the Dungeon)

   [ring of poison resistance]

   Str:       It affects your strength (+3).
   Dex:       It affects your dexterity (-3).
   Slay:      It affects your accuracy & damage with ranged weapons and melee
   (+5).
   rPois:     It protects you from poison.
 l - an amulet of reflection (around neck)
 r - a ring of resist corrosion
 w - a +6 ring of dexterity
 A - a ring of see invisible
 G - the amulet of the Morning {Acrobat rElec rN+ Int+2}
   (You found it on level 8 of the Dungeon)

   [amulet of the acrobat]

   It increases your evasion while moving and waiting.
   Int:       It affects your intelligence (+2).
   rElec:     It insulates you from electricity.
   rN:        It protects you from negative energy.
 L - a +6 ring of strength
 Z - a ring of willpower (right hand)
Wands
 f - a wand of paralysis (2)
 k - a wand of flame (25)
 u - a wand of polymorph (9)
 B - a wand of digging (11)
 J - a wand of acid (3)
 M - a wand of mindburst (15)
 U - a wand of iceblast (4)
Scrolls
 b - a scroll of amnesia
 h - 5 scrolls of teleportation
 o - 2 scrolls of summoning
 q - 5 scrolls of vulnerability {!r}
 s - a scroll of torment {!r}
 v - a scroll of enchant weapon
 y - 3 scrolls of blinking
 D - a scroll of immolation {!r}
 H - 2 scrolls of magic mapping
 N - a scroll of fog
 W - 2 scrolls of fear {unknown}
Potions
 e - a potion of brilliance {unknown}
 p - 3 potions of attraction
 z - 3 potions of mutation {unknown}
 E - a potion of magic {unknown}
 X - a potion of haste {unknown}


   Skills:
 - Level 12.2 Fighting
 * Level 9.6(13.2) Axes
 - Level 14.4(15.5) Maces & Flails
 - Level 9.3 Throwing
 - Level 6.6 Armour
 * Level 7.9 Dodging
 - Level 4.0 Shields
 - Level 10.3 Invocations


You had 13 spell levels left.
You knew the following spells:

 Your Spells              Type           Power      Damage    Failure   Level
A - Apportation           Tloc           0%         N/A       52%         1

Your spell library contained the following spells:

 Spells                   Type           Power      Damage    Failure   Level
 Sting                    Tmut/Pois      0%         1d3       52%         1
 Corpse Rot               Necr/Air       0%         N/A       65%         2
 Poisonous Vapours        Pois/Air       0%         N/A       65%         2
 Static Discharge         Conj/Air       0%         N/A       65%         2
 Gell's Gravitas          Tloc           0%         N/A       87%         3
 Portal Projectile        Hex/Tloc       0%         N/A       87%         3
 Stone Arrow              Conj/Erth      0%         3d7       87%         3
 Teleport Other           Tloc           0%         N/A       87%         3
 Olgreb's Toxic Radiance  Pois           0%         N/A       99%         4
 Petrify                  Tmut/Erth      0%         N/A       99%         4
 Alistair's Intoxication  Tmut/Pois      0%         N/A       100%        5
 Blade Hands              Tmut           0%         N/A       100%        5
 Borgnjor's Vile Clutch   Necr/Erth      0%         N/A       100%        5
 Excruciating Wounds      Necr           0%         N/A       100%        5
 Lightning Bolt           Conj/Air       0%         1d11      100%        5
 Metabolic Englaciation   Hex/Ice        0%         N/A       100%        5
 Dispersal                Tloc           0%         N/A       100%        6
 Eringya's Noxious Bog    Tmut/Pois      0%         N/A       100%        6
 Iron Shot                Conj/Erth      0%         9d1       100%        6
 Statue Form              Tmut/Erth      0%         N/A       100%        6
 Lehudib's Crystal Spear  Conj/Erth      0%         10d2      100%        8
 Maxwell's Capacitive Co  Air            0%         ∞         100%        8
 Animate Armour           Summ/Erth      Unusable   N/A       N/A         4

Dungeon Overview and Level Annotations

Branches:
Dungeon (14/15)            Temple (1/1) D:4            Lair (6/6) D:10
 Shoals (0/4) Lair:3        Snake (2/4) Lair:4        Slime (0/5) Lair:5
    Orc (2/2) D:11            Elf (0/3) Orc:2
 Vaults: D:13-14

Altars:
Ashenzari
Cheibriados
Dithmenos
Elyvilon
Fedhas
Gozag
Hepliaklqana
Kikubaaqudgha
Makhleb
Nemelex Xobeh
Okawaru
Qazlal
Ru
Sif Muna
Trog
Uskayaw
Vehumet
Wu Jian
Xom
Yredelemnul
Zin
The Shining One
Beogh

Shops:
Orc:2 *[((=

Portals:
Trove: D:10 (give 5 potions of resistance)

Annotations:
D:9 2 runed translucent doors, conein's ghost, novice PaWr
D:10 TROVE: 5 res
Lair:2 2 transporters
Lair:4 1 runed translucent door, mrw0lf's ghost, adept OgTm
Lair:5 exclusion: oklob plant


Message History

The splash of poison hits you. You resist. The naga warrior constricts you.
You whack the naga warrior!
The naga warrior is severely wounded.
You hit the naga warrior.
The naga warrior is severely wounded.
You hit the naga warrior.
The naga warrior is almost dead.
The naga warrior hits you with a +0 flail!!
The naga warrior constricts you.
You barely miss the naga warrior.
The naga warrior is almost dead.
You completely miss the naga warrior.
The naga warrior is almost dead.
You whack the naga warrior!
The naga warrior is almost dead.
The naga warrior roars a battlecry!
The salamander goes into a battle-frenzy!
The naga warrior constricts you.
You whack the naga warrior!
You kill the naga warrior!
Okawaru accepts your kill. You block the salamander's attack.
Things that are here:
a +0 flail; a +0 robe You whack the salamander!
The salamander is lightly wounded.
You hit the salamander.
The salamander is moderately wounded.
The salamander hits you with a +0 battleaxe!!
You are engulfed in flames!
You thrash the salamander!!
The salamander is heavily wounded.
You completely miss the salamander.
The salamander is heavily wounded.
You whack the salamander!
The salamander is severely wounded.
The salamander hits you with a +0 battleaxe!!
* * * LOW HITPOINT WARNING * * *
You are engulfed in flames!
You die...

.........## #.......
..........## #.......
...........# ##......
...........# #.......
...........# #.......
...........# #.......
...........# #.......
...........# #.......
........@..# #.......
....>..N#.## #.......
......(.#.########.......
............)..).........
#............#####.......
.............# #.......
#.......###)## #..)....
###.######)#### #.......
#...........# #.......


You could see a salamander (strong).

Vanquished Creatures
  Jorgrun (Arena)
  2 orc warlords
  3 naga warriors (Snake:2)
  A vault guard (D:10)
  5 hydras
  3 catoblepae (Lair:6)
  2 anacondas (Snake:2)
  2 boulder beetles
  A death knight (D:12)
  A centaur warrior (D:13)
  3 two-headed ogres
  6 death yaks (Lair:6)
  A naga sharpshooter (Snake:2)
  An orc high priest (Orc:2)
  Amaemon (Lair:2)
  A skeletal warrior (D:13)
  A fire crab (Lair:6)
  An orange crystal statue (Orc:2)
  A naga ritualist (Snake:2)
  A deep elf pyromancer (D:12)
  3 mana vipers
  A cyclops (D:8)
  3 orc sorcerers (Orc:2)
  2 salamanders (Snake:2)
  10 elephants
  9 black mambas
  2 manticores (Lair:6)
  2 torpor snails
  A guardian serpent (Snake:2)
  A naga mage (Snake:1)
  An orange demon (Lair:2)
  4 cane toads
  A kobold demonologist (D:12)
  2 rime drakes
  5 komodo dragons
  3 trolls
  16 blink frogs
  11 dream sheep (Lair:6)
  A raiju (shapeshifter) (D:13)
  A spriggan (shapeshifter) (D:10)
  A shadow (D:12)
  A vampire (D:5)
  4 wyverns
  38 yaks
  5 vampire mosquitoes
  4 steam dragons
  2 basilisks
  4 wargs
  6 nagas
  4 acid dragons
  18 water moccasins
  29 orc warriors
  4 black bears
  3 sky beasts
  3 ice beasts
  9 ogres
  13 wolves
  11 centaurs
  3 kobold brigands
  3 gnoll sergeants
  6 bullfrogs
  2 scorpions
  2 electric eels (D:7)
  7 howler monkeys
  2 jellies
  22 orc priests
  A hound (D:4)
  A gnoll shaman (D:7)
  4 iguanas
  20 orc wizards
  Robin (D:3)
  4 adders
  8 gnolls
  2 shadow imps
  A white imp (D:6)
  2 ufetubi
  4 dart slugs
  89 orcs
  2 endoplasms
  7 hobgoblins
  3 jackals (D:1)
  3 quokkas
  4 ball pythons
  3 bats
  4 frilled lizards
  12 goblins
  29 kobolds
  7 rats
534 creatures vanquished.

Vanquished Creatures (others)
  Nessos (Lair:6)
  A black mamba (Snake:1)
  An orc wizard (D:12)
  An orc (Orc:2)
  15 fungi
  38 plants
  10 toadstools (Lair:1)
67 creatures vanquished.

Grand Total: 601 creatures vanquished

Notes
Turn   | Place    | Note
-------+----------+-------------------------------------------
     0 | D:1      | Leszczynek the Human Gladiator began the quest for the Orb.
     0 | D:1      | Reached XP level 1. HP: 16/16 MP: 1/1
   150 | D:1      | Reached XP level 2. HP: 17/22 MP: 2/2
   279 | D:2      | Reached skill level 4 in Axes
   279 | D:2      | Reached XP level 3. HP: 17/27 MP: 3/3
   474 | D:2      | Found a faded altar of an unknown god.
   770 | D:3      | Reached XP level 4. HP: 28/33 MP: 4/4
   837 | D:4      | Reached skill level 5 in Axes
   869 | D:4      | Reached XP level 5. HP: 39/39 MP: 5/5
   948 | D:5      | Entered Level 5 of the Dungeon
  1104 | D:5      | Noticed a water moccasin
  1119 | D:5      | Killed a water moccasin
  1120 | D:5      | Reached skill level 4 in Fighting
  1120 | D:5      | Reached XP level 6. HP: 38/48 MP: 6/6
  1373 | D:6      | Noticed a black bear
  1380 | D:6      | Killed a black bear
  1550 | D:7      | Reached skill level 6 in Axes
  1550 | D:7      | Reached XP level 7. HP: 36/54 MP: 7/7
  1726 | D:7      | Reached skill level 7 in Axes
  1754 | D:7      | Identified the +8 whip of Fusah {speed, Str+4 Int+2}
  1799 | D:8      | Reached skill level 2 in Maces & Flails
  1799 | D:8      | Reached XP level 8. HP: 51/60 MP: 8/8
  1857 | D:7      | Reached skill level 3 in Maces & Flails
  1911 | D:6      | Reached skill level 4 in Maces & Flails
  2034 | D:6      | Reached skill level 5 in Fighting
  2034 | D:6      | Reached skill level 1 in Shields
  2039 | D:5      | Found a shimmering altar of Xom.
  2055 | D:5      | Found an opulent altar of Gozag.
  2116 | D:5      | Reached skill level 6 in Fighting
  2116 | D:5      | Reached skill level 2 in Shields
  2173 | D:5      | Reached XP level 9. HP: 64/69 MP: 9/9
  2183 | D:5      | okay
  2231 | D:5      | Reached skill level 5 in Maces & Flails
  2523 | D:6      | Identified the ring "Tyanluakk" {rPois Str+3 Dex-3 Slay+5}
  2567 | D:6      | Reached skill level 3 in Shields
  2665 | D:7      | speedruns here
  2665 | D:7      | still looking for temple
  2954 | D:6      | Reached skill level 6 in Maces & Flails
  3111 | D:4      | Found a staircase to the Ecumenical Temple.
  3114 | D:4      | very fast
  3132 | Temple   | Entered the Ecumenical Temple
  3139 | Temple   | Became a worshipper of Warmaster Okawaru
  3161 | D:3      | Noticed Robin
  3197 | D:3      | Killed Robin
  3386 | D:8      | Reached skill level 4 in Shields
  3426 | D:8      | Noticed a cyclops
  3472 | D:9      | Found a large runed translucent door.
  3481 | D:9      | Found a large runed translucent door.
  3483 | D:9      | Noticed conein's ghost (novice PaWr)
  3499 | D:8      | wow
  3499 | D:8      | very fair
  3662 | D:8      | Reached skill level 7 in Maces & Flails
  3713 | D:8      | Noticed a two-headed ogre
  3728 | D:8      | Killed a two-headed ogre
  3728 | D:8      | Reached * piety under Okawaru
  3729 | D:8      | Reached skill level 8 in Maces & Flails
  3729 | D:8      | Reached XP level 10. HP: 64/76 MP: 10/10
  3787 | D:8      | Reached skill level 9 in Maces & Flails
  3788 | D:8      | Killed a cyclops
  3788 | D:8      | Reached ** piety under Okawaru
  3789 | D:8      | Reached skill level 10 in Maces & Flails
  3817 | D:8      | Identified the amulet of the Morning {Acrobat rElec rN+
                  | Int+2}
  3919 | D:9      | Reached skill level 1 in Invocations
  4041 | D:9      | Reached skill level 2 in Invocations
  4082 | D:8      | Reached skill level 3 in Invocations
  4117 | D:10     | Entered Level 10 of the Dungeon
  4263 | D:12     | Noticed a five-headed hydra
  4295 | D:11     | Reached *** piety under Okawaru
  4296 | D:11     | Reached skill level 7 in Fighting
  4370 | D:9      | Found a snail-covered altar of Cheibriados.
  4374 | D:9      | Found a stormy altar of Qazlal.
  4585 | D:10     | Found a staircase to the Lair.
  4586 | D:10     | Noticed an elephant
  4595 | D:10     | Received a gift from Okawaru
  4608 | D:10     | Reached skill level 4 in Invocations
  4618 | D:10     | Killed an elephant
  4619 | D:10     | Reached XP level 11. HP: 81/85 MP: 10/14
  4658 | D:10     | Noticed a two-headed ogre
  4679 | D:10     | Killed a two-headed ogre
  4679 | D:10     | Reached **** piety under Okawaru
  4680 | D:10     | Reached skill level 8 in Fighting
  4680 | D:10     | Reached skill level 5 in Invocations
  4756 | D:10     | Noticed Maurice
  4761 | D:10     | Noticed Maurice
  4761 | D:10     | Maurice changed into Maurice the shapeshifter
  4762 | D:10     | Noticed Maurice
  4762 | D:10     | Maurice the shapeshifter changed into Maurice the spriggan
  4769 | D:10     | Killed Maurice the spriggan
  4849 | D:10     | Found a portal to a secret trove of treasure.
  4849 | D:10     | Noticed a vault guard
  4850 | D:10     | uh
  4868 | D:10     | Killed a vault guard
  4869 | D:10     | Reached skill level 6 in Invocations
  4976 | D:11     | Noticed a two-headed ogre
  4982 | D:11     | Killed a two-headed ogre
  5011 | D:11     | Reached ***** piety under Okawaru
  5044 | D:11     | Learned a level 1 spell: Apportation
  5148 | D:11     | Reached skill level 9 in Fighting
  5216 | D:11     | Identified the +2 pair of boots of Seyqus {rN+ Str-3
                  | Stlth+}
  5217 | D:11     | :/
  5224 | D:11     | Found a staircase to the Orcish Mines.
  5350 | Orc:1    | Entered Level 1 of the Orcish Mines
  5350 | Orc:1    | Noticed Jorgrun
  5351 | Orc:1    | you must be kidding me
  5359 | Orc:1    | Noticed an orc warlord
  5362 | D:11     | how come he didn't follow?
  5426 | Lair:1   | Entered Level 1 of the Lair of Beasts
  5438 | Lair:1   | Reached skill level 3 in Throwing
  5444 | Lair:1   | Received a gift from Okawaru
  5445 | Lair:1   | Reached skill level 7 in Invocations
  5510 | Lair:1   | Reached skill level 11 in Maces & Flails
  5577 | Lair:1   | Identified the +5 short sword "Horol" {god gift, protect,
                  | Drain Str+9 Int-4 Dex+2} (Okawaru gifted it to you on level
                  | 1 of the Lair of Beasts)
  5577 | Lair:1   | Received a gift from Okawaru
  5647 | Lair:1   | Reached XP level 12. HP: 85/97 MP: 17/17
  5661 | Lair:1   | Reached skill level 4 in Throwing
  5686 | Lair:1   | Reached skill level 10 in Fighting
  5714 | Lair:2   | Found a transporter.
  5829 | Lair:2   | Reached skill level 8 in Invocations
  5899 | Lair:2   | uh
  5904 | Lair:2   | Found a transporter.
  5946 | Lair:2   | Reached skill level 5 in Throwing
  6016 | Lair:2   | Noticed a seven-headed hydra
  6107 | Lair:2   | Noticed Amaemon
  6134 | Lair:2   | Killed Amaemon
  6135 | Lair:2   | Reached skill level 11 in Fighting
  6216 | Lair:3   | Noticed an eight-headed hydra
  6232 | Lair:4   | Found a staircase to the Snake Pit.
  6418 | Lair:4   | Received a gift from Okawaru
  6475 | Lair:4   | Reached skill level 9 in Invocations
  6491 | Lair:4   | Reached skill level 6 in Throwing
  6515 | Lair:4   | Reached ****** piety under Okawaru
  6515 | Lair:4   | Received a gift from Okawaru
  6516 | Lair:4   | Reached XP level 13. HP: 33/107 MP: 19/19
  6637 | Lair:4   | Noticed mrw0lf's ghost (adept OgTm)
  6640 | Lair:4   | Found a runed translucent door.
  6670 | Lair:5   | Noticed an eight-headed hydra
  6738 | Lair:4   | Reached skill level 12 in Fighting
  6819 | Lair:6   | Entered Level 6 of the Lair of Beasts
  6969 | Lair:5   | Found a staircase to the Slime Pits.
  6978 | Lair:5   | You fall into a shaft and drop 1 floor!
  6988 | Lair:6   | Noticed a boulder beetle
  7017 | Lair:6   | Killed a boulder beetle
  7018 | Lair:6   | Reached skill level 7 in Throwing
  7060 | Lair:6   | Reached skill level 12 in Maces & Flails
  7071 | Lair:6   | Identified the +0 chain mail "Iza Digh" {god gift, rPois
                  | rN+} (Okawaru gifted it to you on level 6 of the Lair of
                  | Beasts)
  7071 | Lair:6   | Received a gift from Okawaru
  7072 | Lair:6   | Reached skill level 10 in Invocations
  7077 | Lair:6   | nice gift m8
  7201 | Lair:5   | 67% fail 0 training Apportation lol
  7326 | Lair:3   | Killed an eight-headed hydra
  7606 | Lair:3   | Reached skill level 1 in Armour
  7612 | Lair:3   | Found a staircase to the Shoals.
  7719 | Lair:6   | Noticed a six-headed hydra
  7724 | Lair:6   | Killed a six-headed hydra
  7733 | Lair:6   | Reached skill level 2 in Armour
  7786 | Lair:6   | Noticed a boulder beetle
  7828 | Lair:6   | Noticed a six-headed hydra
  7885 | Lair:6   | Killed a six-headed hydra
  7886 | Lair:6   | Reached skill level 8 in Throwing
  7886 | Lair:6   | Reached skill level 3 in Armour
  7924 | Lair:6   | Reached skill level 13 in Maces & Flails
  7932 | Lair:6   | Reached XP level 14. HP: 89/115 MP: 21/21
  8091 | Lair:6   | Reached skill level 4 in Armour
  8118 | Lair:6   | Received a gift from Okawaru
  8127 | Lair:6   | Noticed Nessos
  8136 | Lair:6   | Killed Nessos
  8169 | Lair:6   | Reached skill level 5 in Armour
  8417 | Lair:6   | Identified the +2 kite shield "Yvvicl Vuse" {god gift,
                  | +Blink rCorr Dex-4} (Okawaru gifted it to you on level 6 of
                  | the Lair of Beasts)
  8417 | Lair:6   | Received a gift from Okawaru
  8418 | Lair:6   | really
  8474 | Lair:6   | Reached skill level 6 in Armour
  8918 | D:12     | Reached skill level 14 in Maces & Flails
  9073 | D:13     | Reached skill level 9 in Throwing
  9444 | D:12     | Identified the +0 quarterstaff "Umeiral" {flame, Will+}
  9822 | Arena    | Entered the Arena
  9834 | Arena    | Killed Jorgrun
  9835 | Arena    | Reached skill level 4 in Dodging
 10001 | D:11     | Killed an orc warlord
 10238 | Orc:1    | Received a gift from Okawaru
 10449 | Orc:2    | Entered Level 2 of the Orcish Mines
 10567 | Orc:2    | Found Kicurr's Antique Weapon Shoppe.
 10683 | Orc:2    | Reached XP level 15. HP: 62/120 MP: 20/22
 10750 | Orc:2    | Reached skill level 5 in Dodging
 10812 | Orc:2    | Found Etodgh's Jewellery Shoppe.
 10818 | Orc:2    | Bought a ring of willpower for 350 gold pieces
 10897 | Orc:2    | Found Bimei's Assorted Antiques.
 10914 | Orc:2    | Bought a red potion for 22 gold pieces
 10914 | Orc:2    | Bought a scroll of identify for 50 gold pieces
 10914 | Orc:2    | Identified a scroll of acquirement
 10933 | Orc:2    | Acquired the +2 pair of gloves of Courage {Str+2 Int-2
                  | Dex+5}
 10962 | Orc:2    | Found a staircase to the Elven Halls.
 11015 | Orc:2    | Found a bloodstained altar of Trog.
 11331 | Orc:2    | Noticed an orc warlord
 11369 | Orc:2    | Reached skill level 8 in Axes
 11403 | Orc:2    | Killed an orc warlord
 11404 | Orc:2    | Reached skill level 6 in Dodging
 11482 | Orc:2    | Found Utumaiv's Antique Armour Emporium.
 11486 | Orc:2    | Found Ipnoitum's Antique Weapon Shoppe.
 11497 | Orc:2    | Bought a runed executioner's axe for 338 gold pieces
 11534 | Orc:2    | Bought a scroll of teleportation for 75 gold pieces
 11534 | Orc:2    | Bought a scroll of vulnerability for 187 gold pieces
 11743 | Snake:1  | Entered Level 1 of the Snake Pit
 11927 | Snake:2  | Reached skill level 7 in Dodging
 11949 | Snake:2  | Received a gift from Okawaru
 11950 | Snake:2  | Reached skill level 9 in Axes
 12064 | Snake:2  | Found a stormy altar of Qazlal.
 12267 | Snake:2  | HP: 13/121 [salamander/+0 battleaxe (29)]
 12267 | Snake:2  | Slain by a salamander

Illustrated notes ≈≈≈≈≈≈≈≈..####### §§.....≈........######## §≈≈≈≈≈.§................ .≈.._§§≈................ .§.≈§§§§......(......... .§.....§...............! §§≈≈≈≈≈≈)............... .....≈....#####......... .≈≈≈.≈.≈..# #.@.....V. .≈_..≈.≈..# #......... .≈≈≈≈≈.≈..# #......... .......≈..# #......... ≈≈≈§≈≈≈≈..# ########## ..)......## ....###### ##### Turn 2183 on D:5: okay ..<##.####.##.# #.# ....#.# #.##.# #.# ###.#.# #.##.# #.# .#.# #.##.# #.# ##.# #.# ..# #.# #### ### ### #.# ..# #<# #.#####.# #.# #....##@# #.# #.......# #)# #######.##)#### #)# #........#......#.# #.#####.#########.## #........))).......# ########.######.#.## #.# #.#.# ### ##### Turn 2665 on D:7: speedruns here ..####.. #....#.# #....... . #.....#.#.. #######.......... #(.....#...#...#o +........#....... #...<..#.@...>.o. ########).......#....... ........)#'####...#...#. .........'...#.......... .........#...#...#.#.#.. .........#...#...#...... .........#...#...##.#. .........##+###.## .. . #######.......#.. .. Turn 3114 on D:4: very fast ############# #............ #.##........# #.##........# #.##........# #.##........# .########.##...)....#### .......@........###..... .#.######.......# #.#### ######### #.# ###########.# #...........# #.#########.# #.#5hgCcDF#.# #.#########.# #####.#??)/:("#.# Turn 3499 on D:8: wow #.# #........###... #.# .∩.#........'..... #.#### ..p#........##.... #....# ##'##........####.. ####.# #≈.≈#........# ##. #.## #...#........# ## #..## ≈.≈#........# ##..# #'##........# ##.# #@'########## #.# #..# #.# ##.#### ########'#### #....# ### #...........# ####.# #.. #........[..# ###.######## #.. #...........# #..........# #.. #......)....# ###..........# #.. #...........####..))).......# #.. Turn 4850 on D:10: uh #..# ##.# #### ##.# #.# ## #.# #.# ###. #.# ### ### ## ### #.'. #)# ##8###.###.## .# #.#. #)# ##...#...#...#... ###. ###)####)............... #. ...)))[[)............... #. ####)###........@....... #. #.# ##...#...#...#... #. #.# ##8###.###8## ## #.# ### ### ####### # #.# #.....# # ... ###.######## ### ..... #####....^.....# #.. #...... ...............# #.. #....... #####..........####.. Turn 5217 on D:11: :/ .....## ......# ...... ###....## ##.#.....# #.......## #.......# #.@>..# #.........# ............# ............# ............# ....#g.....## ....##.#.... ... ## #...# Turn 5351 on Orc:1: you must be kidding me

#..# ##.........# ##.#
####.###### #.# ##...####### #.#
###..........# # ### ### #####
#.'..........#
###.###.###.#######.#.†........#
.#...#...#...#.§≈≈###..........#
.............#..≈≈# #..........#
.............'..@≈# #..........#
.....[.......#..≈≈# #..........#
.#...#...#...#.≈≈≈# #..........#
###.###8###8####### #########'##
# ### ######## #######..#
#.....# #...>...## ###.########
###.######### #####....^.....#
#............ ...............#
#............


Turn 5362 on D:11: how come he didn't follow? ...........#.8.##.#..
................#.... # #..#.#....8.>..+...8 ##.##......<.#..........
.............##.8......# ..............####.#... ........#.....#.....###.
..P.#.#.......#.#...#... #......@...........#.#.. .#########......#....... #
#w##.....#...#.#.8 #≈≈####.....##.#.. P.PP#$[#..#...#.#.. ^^^^§+)©#©.....##...
PP☼PPP#(=#.......##+. ≈#§≈≈####..#.#.#.#.. #.....Y........ Turn 5899 on Lair:2:
uh ..P..##.. .. ....#...####### ... ........#.#...##... ...................
..Y................ #.................. ##PY......†........ .. #P...#.#P†#..##..
..##.....####@### .........###..#P# ..#...........# #.#....†....## #.....#.#P.P#
. #...P#.....P#.. #....#....P.... #P......PP..... .........<......... Turn 7077
on Lair:6: nice gift m8 ...##≈..###.........# ...##...##.#.##.....#
....##.......##.....# .....##.......#P...## ...#.#........#.....#
....###.###........# ....###.# #........# ....###.P ##..##...###
...####..#.#..#.@....# ..####............P## .P##...#..........# ....#.........#
....#.........# .........P...## #.............# .............# .............#
Turn 7201 on Lair:5: 67% fail 0 training Apportation lol ......8.... ..8......#
#......## ###### . ##......# ####....###.. #...###P.# #P...8....... ...#### ##
#....8.....# .†###÷### ###.8....8..# .##.†÷†.## #..†..8.8..# .....#.)P###
##.@##.....## ....##.....###..####....# ...####..÷.....## #..## .### ##.###...##
Y## ## ##..# ##..P# .Y # ###..## #P..## YY .##...## ##..### .## ......###
##...## ...##...### ###..### Turn 8418 on Lair:6: really

Levels and vault maps discovered:
D:1:      lightli_arrival_boilingwater, layout_basic, minmay_tripent
D:2:      layout_rooms, hellmonk_ecumenical_altar_lost_god,
          minmay_parallelograms, minmay_misc_feat_diagonals
D:3:      layout_basic, uniq_robin, uniq_terence, uniq_natasha
D:4:      layout_gridville, minmay_temple_entry_sparse_star
D:5:      layout_basic, mainiacjoe_overflow_catwalk_spiral
D:6:      layout_loops_ring
D:7:      layout_basic, serial_bayou_pond_d, minivault_14, minmay_checkerbox
D:8:      layout_basic, minmay_misc_feat_hallway, dk_vineyard_3,
          onia_ninara_dug_in_and_dangerous
D:9:      layout_cave_pools, minitemple, ebering_ghost_disaster_area,
          minmay_misc_feat_room, uniq_psyche, uniq_pikel, uniq_erica
D:10:     layout_roguey, david_lair_generic, enter_trove_5, uniq_maurice
D:11:     layout_roguey, david_orc_4, grunt_tough_drop
D:12:     layout_long_grid, serial_rivers, chequers_serial_rivers_micro_c,
          chequers_serial_rivers_room_b, chequers_serial_rivers_room_b,
          chequers_serial_rivers_small_a, chequers_serial_rivers_room_a,
          chequers_serial_rivers_room_b, lemuel_blue_sif_altar
D:13:     layout_long_grid
D:14:     layout_gridville, hangedman_vaults_entry_quadrant_bands,
          hangedman_decor_push, serial_bayou_lagoon_a
Temple:   nicolae_temple_no_exploring_needed
Lair:1:   gammafunk_lair_enchanted_lake, layout_gridlike, grunt_megastairs_4
Lair:2:   gammafunk_worm_tunnel, layout_gridlike, grunt_megastairs_1,
          uniq_amaemon
Lair:3:   layout_regular_city, minmay_shoals_entry_centaurs
Lair:4:   layout_loops_ring, minmay_snake_entry_guardpost_small,
          hellmonk_ghost_happy_afterlife
Lair:5:   layout_gridlike, slime_dummy
Lair:6:   evilmike_catoblepas_cave, layout_regular_city,
          gammafunk_ghost_cemetery, eino_small_chamber_without_monster,
          uniq_nessos
Snake:1:  layout_chambers, minmay_shoptagon
Snake:2:  layout_gridlike, basic_altar, grunt_ministairs_11, uniq_vashnia
Orc:1:    layout_caves, uniq_jorgrun
Orc:2:    grunt_orc_community_town_hall, layout_caves,
          grunt_orc_community_big_house_1, grunt_orc_community_big_house_2,
          grunt_orc_community_house_3, grunt_orc_community_house_2,
          grunt_orc_community_house_2, grunt_orc_community_house_1,
          grunt_orc_community_house_1, grunt_orc_community_house_1, basic_altar,
          serial_shops, shop, lemuel_statue_altar, mines2_david

Skill      XL: |  1  2  3  4  5  6  7  8  9 10 11 12 13 14 15 |
---------------+----------------------------------------------+-----
Axes           | 4 5 6 7 9 |  9.6
Fighting       | 4 6 7 9 11 12 | 12.2
Maces & Flails | 2 4 8 10 11 13 14 | 14.4
Shields        | 2 4 |  4.0
Invocations    | 4 7 9 10 | 10.3
Throwing       | 3 6 8 9 |  9.3
Armour         | 3 6 |  6.6
Dodging        | 4 7 |  7.9

Action                   |  1- 3 |  4- 6 |  7- 9 | 10-12 | 13-15 || total
-------------------------+-------+-------+-------+-------+-------++-------
Melee: War axe           |   104 |    66 |    28 |       |       ||   198
       Punch             |     1 |       |     3 |       |       ||     4
       Whip              |       |       |   274 |   532 |  1216 ||  2022
 Fire: Hunting sling     |     2 |       |       |       |       ||     2
Throw: Throwing net      |     4 |     3 |     2 |       |     1 ||    10
       Javelin           |     1 |     2 |       |     2 |    19 ||    24
       Dart              |       |     2 |     2 |     9 |       ||    13
       Boomerang         |       |       |       |       |     6 ||     6
 Cast: Apportation       |       |       |       |       |     1 ||     1
Invok: Heroism           |       |       |       |    11 |    17 ||    28
       Finesse           |       |       |       |     2 |     7 ||     9
       Duel              |       |       |       |       |     1 ||     1
Evoke: Wand              |       |     6 |    13 |     6 |     1 ||    26
  Use: Scroll            |     2 |     2 |       |     7 |    11 ||    22
       Potion            |       |     1 |     5 |       |     2 ||     8
 Stab: Held in net/web   |       |       |     2 |       |       ||     2
       Petrified         |       |       |       |       |     3 ||     3
Armor: Leather armour    |     6 |       |       |       |       ||     6
       Ring mail         |    51 |    10 |       |       |       ||    61
       Scale mail        |       |    11 |    70 |    96 |   153 ||   330
       Skin              |       |       |    22 |       |       ||    22
       Troll leather arm |       |       |       |       |    54 ||    54
Dodge: Dodged            |    59 |    37 |    60 |    97 |   232 ||   485
Block: Other             |    11 |    18 |     6 |       |       ||    35
       Reflection        |     1 |       |     4 |     6 |    16 ||    27
       Buckler           |       |       |    45 |   125 |   263 ||   433

Table legend: (Time is in decaauts)
 A = Elapsed time spent in this place.
 B = Non-inter-level travel time spent in this place.
 C = Inter-level travel time spent in this place.
 D = Time resting spent in this place.
 E = Time spent auto-exploring this place.
 F = Levels seen in this place.
 G = Mean time per level.
                   A        B        C        D        E       F      G
               +--------+--------+--------+--------+--------+-----+--------+
         Total |  11373 |  10368 |   1005 |    365 |      0 |  26 |  437.4 |
       Dungeon |   6675 |   6100 |    575 |    228 |      0 |  14 |  476.8 |
        Temple |     14 |     14 |      0 |      0 |      0 |   1 |   14.0 |
          Lair |   3141 |   2832 |    309 |     30 |      0 |   6 |  523.5 |
     Snake Pit |    416 |    416 |      0 |     28 |      0 |   2 |  208.0 |
  Orcish Mines |   1114 |    995 |    119 |     79 |      0 |   2 |  557.0 |
         Arena |     11 |     11 |      0 |      0 |      0 |   1 |   11.0 |
               +--------+--------+--------+--------+--------+-----+--------+

Top non-repeatable levels by time:
    D:11: 1126 daAuts
  Lair:6: 1064 daAuts
   Orc:2: 825 daAuts
     D:7: 666 daAuts
     D:5: 632 daAuts
    D:12: 596 daAuts
     D:6: 596 daAuts
     D:8: 595 daAuts
  Lair:4: 565 daAuts
    D:10: 458 daAuts
     D:4: 449 daAuts
  Lair:2: 440 daAuts
     D:2: 421 daAuts
  Lair:5: 393 daAuts
  Lair:3: 373 daAuts
